 Dungeon Crawl Stone Soup version 0.21.1-1-g345015f (webtiles) character file.

543 Fang the Chopper (level 7, -2/44 HPs)
             Began as a Gargoyle Berserker on June 11, 2018.
             Was a Priest of Trog.
             Slain by a slave (4 damage)
             ... led by Pikel
             ... on level 4 of the Dungeon.
             The game lasted 00:06:23 (3669 turns).

Fang the Chopper (Gargoyle Berserker)               Turns: 3669, Time: 00:06:24

Health: -2/44      AC:  9    Str: 23    XL:     7   Next: 27%
Magic:  7/7        EV: 13    Int:  7    God:    Trog [***...]
Gold:   195        SH:  0    Dex:  9    Spells: 6/6 levels left

rFire    . . .     SeeInvis .   a - +0 hand axe
rCold    + . .     Gourm    .   (no shield)
rNeg     + . .     Faith    .   t - +0 troll leather armour {Purgy}
rPois    ∞         Spirit   .   (no helmet)
rElec    +         Reflect  .   (no cloak)
rCorr    .         Harm     .   (no gloves)
MR       .....                  (no boots)
Stlth    ++........             (no amulet)
HPRegen  0.54/turn              n - ring of stealth
MPRegen  0.10/turn              r - ring of protection from cold

@: about to teleport, berserk cooldown, slowed, very slow
A: negative energy resistance 1, electricity resistance, unbreathing,
petrification resistance, rot immunity, AC +4
a: Berserk, Trog's Hand, Burn Spellbooks, Renounce Religion


You were on level 4 of the Dungeon.
You worshipped Trog.
Trog was most pleased with you.
You were hungry.

You visited 1 branch of the dungeon, and saw 4 of its levels.

You collected 195 gold pieces.

Inventory:

Hand Weapons
 a - a +0 hand axe (weapon)
Armour
 t - a +0 troll leather armour (worn) {Purgy}
Jewellery
 n - a ring of stealth (left hand)
 r - a ring of protection from cold (right hand)
Wands
 b - a wand of iceblast (14)
Scrolls
 d - a scroll of teleportation
 e - 2 scrolls of immolation {unknown}
 f - a scroll of amnesia {unknown}
 g - a scroll of enchant weapon {unknown}
 i - 3 scrolls of remove curse {unknown}
 j - 4 scrolls of identify {unknown}
 p - a scroll of random uselessness {unknown}
Potions
 h - a potion of ambrosia {unknown}
 k - 2 potions of degeneration {unknown}
 l - a potion of flight {unknown}
 m - 2 potions of haste {unknown}
 o - 2 potions of invisibility {unknown}
 q - a potion of heal wounds {unknown}
 s - 2 potions of resistance {unknown}
Comestibles
 c - 4 rations
 u - 4 chunks of flesh


   Skills:
 + Level 5.0 Fighting
 + Level 5.1 Axes
 + Level 2.7 Armour
 + Level 3.6 Dodging
 + Level 1.4 Stealth


You had 6 spell levels left.
You didn't know any spells.

Dungeon Overview and Level Annotations

Branches:
Dungeon (4/15)
 Temple: D:4-7

Altars:
Fedhas
Kikubaaqudgha
The Shining One

Annotations:
D:4 Pikel


Innate Abilities, Weirdness & Mutations

You are resistant to torment.
Your stone body is resilient. (AC +4)
You are immune to poison.
You resist negative energy. (rN+)
You are resistant to electric shocks. (rElec)
You can survive without breathing.
You are immune to petrification.
You are immune to rotting.


Message History

The slave closely misses you. The slave completely misses you.
The slave hits you.
* * * LOW HITPOINT WARNING * * *
Pikel misses you. Something hits you but does no damage.
Unknown command.
You miss something.
You hit the slave. x2; You completely miss the slave.
You hit the orc wizard but do no damage.
You barely miss the slave. You hit Pikel. You hit the adder.
The adder bites you but does no damage. The slave closely misses you.
The orc wizard points at you and mumbles some strange words.
The puff of flame hits you!
* * * LOW HITPOINT WARNING * * *
The slave hits you but does no damage. The slave barely misses you.
The slave closely misses you. The adder misses you. Pikel barely misses you.
Something hits you but does no damage. The slave barely misses you.
The orc wizard gestures at you while chanting.
The magic dart hits you!
* * * LOW HITPOINT WARNING * * *
The slave closely misses you. The slave hits you.
You die...

.. #........ ##
.####......... .
............. #
#............ #
#.......<....
#...........$ ###
.. #..ppp.......
...
..####..o@{.......
###
##..?...pKS....##
....
..........######
.....
#......)..#####
......
#...............
......
#.........".....
.. ......
#...%.....######
.. ......
#.)(......# .#
...... ..###.....#
.##......


You could see Pikel, 4 slaves, an orc wizard and an adder.

Vanquished Creatures
  Menkaure (D:4)
  Purgy (D:4)
  An ogre (D:4)
  A scorpion (D:4)
  An orc wizard (D:4)
  Terence (D:3)
  A worker ant (D:4)
  3 gnolls (D:3)
  3 adders
  3 worms (D:2)
  A dart slug (D:1)
  3 leopard geckos
  10 orcs
  A ball python (D:3)
  3 giant cockroaches (D:2)
  6 goblins
  9 hobgoblins
  3 jackals (D:2)
  2 quokkas (D:4)
  2 bats (D:1)
  6 frilled lizards
  7 kobolds
  13 rats
82 creatures vanquished.

Notes
Turn   | Place    | Note
-------+----------+-------------------------------------------
     0 | D:1      | Fang the Gargoyle Berserker began the quest for the Orb.
     0 | D:1      | Reached XP level 1. HP: 14/14 MP: 1/1
   133 | D:1      | Reached XP level 2. HP: 4/19 MP: 2/2
   750 | D:2      | Found a blossoming altar of Fedhas.
   838 | D:2      | Reached XP level 3. HP: 5/24 MP: 3/3
  1240 | D:2      | Reached XP level 4. HP: 24/29 MP: 4/4
  1266 | D:2      | Reached ** piety under Trog
  1762 | D:3      | Found a glowing golden altar of the Shining One.
  2239 | D:3      | Found an ancient bone altar of Kikubaaqudgha.
  2241 | D:3      | Found a blossoming altar of Fedhas.
  2396 | D:3      | Noticed Terence
  2415 | D:3      | Killed Terence
  2415 | D:3      | Reached XP level 5. HP: 19/34 MP: 5/5
  2825 | D:4      | Noticed Menkaure
  2841 | D:4      | Killed Menkaure
  2841 | D:4      | Reached skill level 1 in Stealth
  2841 | D:4      | Reached XP level 6. HP: 21/39 MP: 6/6
  3100 | D:4      | HP: 1/39 [worker ant (5)]
  3101 | D:4      | Reached *** piety under Trog
  3440 | D:4      | Noticed Purgy
  3456 | D:4      | Killed Purgy
  3456 | D:4      | Reached XP level 7. HP: 44/44 MP: 7/7
  3650 | D:4      | Reached skill level 5 in Fighting
  3650 | D:4      | Reached skill level 5 in Axes
  3652 | D:4      | Noticed Pikel
  3669 | D:4      | HP: 2/44 [orc wizard/magic dart (4)]
  3669 | D:4      | Slain by a slave

Skill      XL: |  1  2  3  4  5  6  7 |
---------------+----------------------+-----
Axes           | 3 4 5 |  5.1
Dodging        | 2 3 |  3.6
Fighting       | 4 5 |  5.0
Stealth        | 1 |  1.4
Armour         | |  2.7

Action                   |  1- 3 |  4- 6 |  7- 9 || total
-------------------------+-------+-------+-------++-------
Melee: Hand axe          |    98 |   177 |    11 ||   286
Invok: Berserk           |     2 |     5 |     1 ||     8
  Use: Scroll            |       |       |     1 ||     1
  Eat: Chunk             |     3 |     3 |     2 ||     8
       Ration            |       |     2 |       ||     2
Armor: Animal skin       |    32 |    57 |       ||    89
       Troll leather arm |       |       |    37 ||    37
Dodge: Dodged            |    69 |   121 |    53 ||   243
